 Dungeon Crawl Stone Soup version 0.31-a0-426-g3a05650e59 (webtiles) character file.

Game seed: 4646851163588189527

17690 lovewater the Grappler (level 12, 0/105 (107) HPs)
             Began as a Troll Gladiator on July 30, 2023.
             Was a Priest of Wu Jian.
             Slain by a pharaoh ant (26 damage)
             ... on level 3 of the Lair of Beasts.
             The game lasted 01:03:21 (9108 turns).

lovewater the Grappler (Troll Gladiator)            Turns: 9108, Time: 01:03:22

HP:   0/105 (107)   AC: 10    Str: 27    XL:     12   Next: 21%
MP:   11/11         EV: 19    Int:  4    God:    Wu Jian [***...]
Gold: 763           SH:  5    Dex: 13    Spells: 11/11 levels left

rFire   + .          .
                       - Unarmed
rCold   . . .        r - orb {guile}
rNeg    . . .        t - +2 robe {rF+}
rPois   +            b - +1 hat
rElec   .            s - +2 cloak
rCorr   .            (gloves unavailable)
SInv    .            (boots unavailable)
Will    .....        k - amulet of reflection
Stlth   +            q - ring of poison resistance
HPRegen 1.17/turn    l - +5 ring of evasion
MPRegen 0.12/turn

%: reflection
@: in a heavenly storm, glowing, lightly drained, serpent's lash
A: large, unfitting armour, claws 3, regeneration 1, shaggy fur 1, tough skin 1
a: Renounce Religion, Wall Jump, Serpent's Lash


You were on level 3 of the Lair of Beasts.
You worshipped Wu Jian.
Wu Jian was most pleased with you.
You visited 3 branches of the dungeon, and saw 14 of its levels.
You also visited: Ossuary and Bailey.

You collected 807 gold pieces.
You spent 44 gold pieces at shops.

Inventory:

Hand Weapons
 a - a +2 sling of draining
 w - the +1 rapier of Cuhegyeq {heavy, rN+ Int+2}
   (You found it on level 3 of the Dungeon)

   Int:       It affects your intelligence (+2).
   rN:        It protects you from negative energy.
Missiles
 c - 5 throwing nets
 d - 7 large rocks
 f - 30 poisoned darts (quivered)
 m - 113 stones
 C - 3 javelins
 Y - 3 boomerangs
Armour
 b - a +1 hat (worn)
 r - an orb of guile (worn)
 s - a +2 cloak (worn)
 t - a +2 robe of fire resistance (worn)
Jewellery
 k - an amulet of reflection (around neck)
 l - a +5 ring of evasion (right claw)
 q - a ring of poison resistance (left claw)
Talismans
 p - a blade talisman
 W - a maw talisman
Wands
 g - a wand of quicksilver (7)
 v - a wand of mindburst (38)
 D - a wand of flame (22)
 G - a wand of polymorph (4)
 J - a wand of iceblast (20)
 S - a wand of paralysis (9)
Scrolls
 e - 8 scrolls of teleportation
 i - a scroll of vulnerability {unknown}
 n - 2 scrolls of enchant weapon
 y - a scroll of brand weapon
 F - 2 scrolls of fear
 K - a scroll of torment
 L - 2 scrolls of silence
 M - a scroll of fog
 T - 3 scrolls of identify
 V - a scroll of revelation {unknown}
 Z - a scroll of poison
Potions
 h - 6 potions of magic
 j - 6 potions of curing
 o - 2 potions of might
 u - 4 potions of mutation
 B - 2 potions of invisibility
 E - a potion of lignification {unknown}
 H - a potion of ambrosia {unknown}
 N - 7 potions of heal wounds
 P - 2 potions of haste {unknown}
 Q - a potion of brilliance {unknown}
 R - 2 potions of resistance {unknown}
 U - a potion of enlightenment {unknown}
 X - 2 potions of degeneration {unknown}


   Skills:
 + Level 4.2 Fighting
 - Level 4.1 Ranged Weapons
 * Level 4.0 Throwing
 + Level 7.3 Dodging
 - Level 3.0 Stealth
 - Level 4.5 Shields
 + Level 14.1 Unarmed Combat
 - Level 0.3 Evocations
 * Level 3.4 Shapeshifting


You had 11 spell levels left.
You didn't know any spells.
Your spell library contained the following spells:

 Spells                   Type           Power      Damage    Failure   Level
 Apportation              Tloc           0%         N/A       50%         1
 Necrotise                Necr           0%         1d4       50%         1
 Summon Small Mammal      Summ           0%         N/A       50%         1
 Cigotuvi's Dreadful Rot  Necr/Pois/Air  0%         N/A       65%         2
 Poisonous Vapours        Pois/Air       0%         N/A       65%         2
 Wereblood                Tmut           0%         N/A       65%         2
 Mephitic Cloud           Conj/Pois/Air  0%         N/A       86%         3
 Dispel Undead            Necr           0%         3d6       99%         4
 Alistair's Intoxication  Tmut/Pois      0%         N/A       100%        5
 Freezing Cloud           Conj/Ice/Air   0%         6-21      100%        5
 Irradiate                Conj/Tmut      0%         3d11      100%        5
 Death Channel            Necr           0%         N/A       100%        6


Dungeon Overview and Level Annotations

Branches:
Dungeon (10/15)            Temple (1/1) D:4            Lair (3/5) D:10
 Spider (0/4) Lair:3      Ossuary (visited)          Bailey (visited)
  Swamp: Lair:2-3    Shoals: Lair:2-3       Orc: D:9-12

Altars:
Ashenzari
Cheibriados
Dithmenos
Elyvilon
Fedhas
Gozag
Hepliaklqana
Kikubaaqudgha
Makhleb
Nemelex Xobeh
Okawaru
Qazlal
Ru
Sif Muna
Trog
Uskayaw
Vehumet
Wu Jian
Xom
Yredelemnul
Zin
The Shining One

Shops:
D:8 ?


Innate Abilities, Weirdness & Mutations

You are too large for most types of armour.
You have claws for hands.
Your natural rate of healing is unusually fast.
You are covered in fur. (AC +1)
You have tough skin. (AC +1)


Message History

The wolf completely misses you. The pharaoh ant bites you!
You feel drained.
A wolf comes into view.
The wolf closely misses you.
You mangle the pharaoh ant!!
The pharaoh ant is almost destroyed.
The pharaoh ant closely misses you. You block the wolf's attack.
The wolf closely misses you. The pharaoh ant bites you!!
The wolf completely misses you. The wolf bites you but does no damage.
You feel better. The wolf completely misses you. The wolf bites you.
The wolf bites you but does no damage. The pharaoh ant bites you!!
The wolf misses you.
You spin and attack the wolf.
You claw the wolf!
The wolf is severely wounded.
You spin and attack the wolf.
You barely miss the wolf. The wolf barely misses you.
The wolf closely misses you. x2
Your muscles tense, ready for explosive movement...
You scratch the pharaoh ant but do no damage.
The pharaoh ant is almost destroyed.
The wolf completely misses you. The wolf misses you.
The pharaoh ant closely misses you.
You scratch the pharaoh ant but do no damage.
The pharaoh ant is almost destroyed.
The wolf closely misses you. x2; The pharaoh ant misses you.
The wolf completely misses you. The wolf closely misses you.
You are too injured to fight recklessly!
You are too injured to fight recklessly!
You scratch the wolf.
The wolf is almost dead.
The wolf misses you. You block the wolf's attack. The wolf misses you.
The wolf completely misses you. The pharaoh ant bites you!!
* * * LOW HITPOINT WARNING * * *
You completely miss the wolf.
The wolf is almost dead.
You block the wolf's attack. The wolf closely misses you. x2
The wolf barely misses you. The wolf completely misses you.
The pharaoh ant closely misses you.
You feel much better. The wolf bites you but does no damage.
The wolf closely misses you. The wolf bites you but does no damage.
The wolf misses you. The pharaoh ant bites you!!
You die... h(>

.h. ..... ###(.
.###...... #...#
.#......P####
...###............# #.
§§#§(.............
##.###§§§..............
#P.#§hBh§..............
#..☼h@h§..............
#.#.§§§☼☼..............
#.§☼☼§§..............
#..#..#..#......##.†.
#...#..###......####.
#..##..##.......#..##
##..##..#........###..
#..###...#........##..
##.###...........##...


You could see a pharaoh ant and 4 wolves.

Vanquished Creatures
  A two-headed ogre (D:10)
  A catoblepas (Lair:1)
  A tengu warrior (D:10)
  Pikel (D:7)
  A wolf spider (D:10)
  Maurice (D:8)
  Joseph (D:8)
  A black mamba (Lair:1)
  An unseen horror (D:10)
  5 cane toads
  Maggie (D:7)
  4 rime drakes
  The ghost of bahustanut the Changeling, a novice OpSh (D:4)
  2 komodo dragons
  2 polar bears
  2 tarantellas (Lair:3)
  A hornet (D:9)
  2 wyverns (D:9)
  Sigmund (D:2)
  A wraith (Ossuary)
  21 yaks
  A steam dragon (D:8)
  Edmund (D:4)
  Menkaure (D:7)
  An acid dragon (D:9)
  6 water moccasins
  5 orc warriors
  An ice beast (D:6)
  2 sky beasts
  5 black bears
  3 ogres
  2 centaurs
  3 lemures (D:7)
  4 kobold brigands
  Blork the orc (D:6)
  2 bullfrogs
  7 scorpions
  A gnoll sergeant (D:7)
  16 wights
  6 killer bees (D:9)
  5 howler monkeys
  6 hounds
  A gnoll bouda (D:7)
  5 orc priests
  3 jellies
  Terence (D:3)
  2 iguanas
  7 orc wizards
  2 mummies
  10 gnolls
  9 adders
  A shadow imp (D:5)
  3 ufetubi
  A dart slug (D:4)
  41 orcs
  4 ball pythons
  8 bats
  2 endoplasms
  A giant cockroach (D:1)
  9 hobgoblins
  10 jackals
  24 kobolds
  2 quokkas
  7 frilled lizards
  5 gnoll skeletons (Ossuary)
  11 goblins
  8 kobold skeletons (Ossuary)
  12 orc skeletons (Ossuary)
  10 rats
330 creatures vanquished.

Notes
Turn   | Place    | Note
-------+----------+-------------------------------------------
     0 | D:1      | lovewater the Troll Gladiator began the quest for the Orb.
     0 | D:1      | Reached XP level 1. HP: 19/19 MP: 0/0
   214 | D:1      | Reached XP level 2. HP: 28/28 MP: 1/1
   412 | D:1      | Reached XP level 3. HP: 35/35 MP: 2/2
   474 | D:1      | Found a faded altar of an unknown god.
   483 | D:1      | Prayed at the altar of an unknown god.
   483 | D:1      | Became a worshipper of the Wu Jian Council
   483 | D:1      | Reached * piety under Wu Jian
   907 | D:2      | Noticed Sigmund
   919 | D:2      | Killed Sigmund
   920 | D:2      | Reached skill level 1 in Shields
   920 | D:2      | Reached skill level 4 in Unarmed Combat
   920 | D:2      | Reached XP level 4. HP: 36/42 MP: 3/3
   920 | D:2      | Reached XP level 5. HP: 42/49 MP: 4/4
  1278 | D:3      | Reached skill level 5 in Unarmed Combat
  1340 | D:3      | Noticed Terence
  1351 | D:3      | Killed Terence
  1421 | D:3      | Reached ** piety under Wu Jian
  1545 | D:3      | Identified the +1 rapier of Cuhegyeq {heavy, rN+ Int+2}
  1574 | D:3      | Identified the +1 ring mail of the Lost Bounties {Harm
                  | Drain +Inv Str+6}
  1607 | D:3      | Reached XP level 6. HP: 49/57 MP: 5/5
  1823 | D:4      | Noticed Edmund
  1839 | D:4      | Killed Edmund
  1846 | D:4      | Reached skill level 1 in Stealth
  1870 | D:4      | Found a runed translucent gate.
  1872 | D:4      | Found a runed translucent gate.
  1872 | D:4      | Found a runed translucent gate.
  1874 | D:4      | Noticed bahustanut's ghost (novice OpSh)
  1900 | D:4      | Reached XP level 7. HP: 65/65 MP: 6/6
  2007 | D:4      | Reached skill level 6 in Unarmed Combat
  2113 | D:4      | Reached *** piety under Wu Jian
  2116 | D:4      | Found a glowing drain.
  2175 | D:4      | Found a staircase to the Ecumenical Temple.
  2189 | Temple   | Entered the Ecumenical Temple
  2563 | D:4      | Killed bahustanut's ghost
  2564 | D:4      | Reached skill level 7 in Unarmed Combat
  2564 | D:4      | Reached XP level 8. HP: 74/74 MP: 7/7
  2605 | D:5      | Entered Level 5 of the Dungeon
  2719 | D:5      | Found an ornate altar of the Wu Jian Council.
  3406 | D:6      | Reached skill level 8 in Unarmed Combat
  3533 | D:6      | Reached skill level 5 in Dodging
  3617 | D:6      | Found a sand-covered staircase.
  3623 | D:6      | Reached skill level 9 in Unarmed Combat
  3627 | Ossuary  | Entered an ossuary
  3716 | Ossuary  | Reached skill level 1 in Ranged Weapons
  3716 | Ossuary  | Reached XP level 9. HP: 75/80 MP: 8/8
  3882 | D:6      | Noticed Blork the orc
  3889 | D:6      | Killed Blork the orc
  3942 | D:6      | Found an ancient bone altar of Kikubaaqudgha.
  4205 | D:7      | Noticed Pikel
  4210 | D:7      | Noticed Menkaure
  4211 | D:7      | Killed Pikel
  4211 | D:7      | Reached skill level 10 in Unarmed Combat
  4222 | D:7      | HP: 1/80 [orc priest/+3 hand axe (5)]
  4235 | D:7      | Killed Menkaure
  4236 | D:7      | HP: 4/80 [orc priest/nerve-wracking pain (11)]
  4462 | D:7      | Noticed Maggie
  4470 | D:7      | Killed Maggie
  4538 | D:7      | Reached skill level 11 in Unarmed Combat
  5025 | D:7      | Reached XP level 10. HP: 89/89 MP: 9/9
  5492 | D:8      | Noticed Joseph
  5502 | D:8      | Killed Joseph
  5611 | D:8      | Found a flagged portal.
  5792 | D:8      | Noticed Maurice
  5801 | D:8      | Killed Maurice
  5857 | D:8      | Found Benkox's Magic Scroll Emporium.
  5861 | D:8      | Bought a scroll of identify for 22 gold pieces
  5861 | D:8      | Bought a scroll of identify for 22 gold pieces
  5940 | Bailey   | Entered a bailey
  6079 | Bailey   | Reached **** piety under Wu Jian
  6211 | D:9      | Reached skill level 12 in Unarmed Combat
  6599 | D:9      | Reached XP level 11. HP: 82/97 MP: 10/10
  6718 | D:10     | Entered Level 10 of the Dungeon
  6718 | D:10     | Noticed a wolf spider
  6719 | D:10     | Noticed a tengu warrior
  6736 | D:10     | Killed a tengu warrior
  6737 | D:10     | Killed a wolf spider
  6804 | D:10     | Found a faded altar of an unknown god.
  6804 | D:10     | Found a shimmering blue altar of Sif Muna.
  6812 | D:10     | Found a faded altar of an unknown god.
  6814 | D:10     | Found a shadowy altar of Dithmenos.
  6816 | D:10     | Found a hazy altar of Hepliaklqana.
  6904 | D:10     | Noticed a two-headed ogre
  6908 | D:10     | Killed a two-headed ogre
  7374 | D:10     | Found a staircase to the Lair.
  7389 | D:10     | Reached skill level 13 in Unarmed Combat
  7395 | Lair:1   | Entered Level 1 of the Lair of Beasts
  7703 | Lair:1   | Reached skill level 1 in Shapeshifting
  7768 | Lair:1   | Found a frozen archway.
  7812 | Lair:1   | Noticed a catoblepas
  7835 | Lair:1   | Killed a catoblepas
  8528 | Lair:2   | Reached XP level 12. HP: 84/107 MP: 11/11
  8582 | Lair:2   | Reached skill level 14 in Unarmed Combat
  8995 | Lair:3   | Reached ***** piety under Wu Jian
  9087 | Lair:3   | Found a hole to the Spider Nest.
  9106 | Lair:3   | HP: 1/105 [pharaoh ant (35)]
  9108 | Lair:3   | Slain by a pharaoh ant

Illustrated notes

Levels and vault maps discovered:
D:1:      dpeg_arrival_refuge, layout_rooms, dilly_ecumenical_altar_fadedgnrine
D:2:      layout_basic, kennysheep_another_room, minmay_misc_feat_secret_circle,
          uniq_sigmund
D:3:      layout_basic, grunt_decor_junction, kennysheep_generic_room_2,
          uniq_terence
D:4:      layout_loops_cross, temple_green, portal_sewer_entry_a,
          ebering_ghost_rock_garden, corexii_item_surrounded_by_moat,
          amcnicky_mini_corridor_feature, chequers_arboretum,
          dreamdust_princess_corridor, uniq_edmund
D:5:      layout_gridville, nicolae_wu_jian_wuxing_cycle, serial_bayou_pond_e
D:6:      layout_cave_pools, mainiacjoe_overflow_cross_hatched,
          gup_ossuary_entry_pyramid, chequers_mini_garden, minivault_1,
          uniq_blork_the_orc
D:7:      minmay_s_stair_smasher, layout_cave_pods, minivault_4, uniq_menkaure,
          uniq_pikel, uniq_maggie
D:8:      layout_cave_pools, enter_bailey_5, serial_shops,
          nicolae_shop_behind_doors, nicolae_nh_ransacked_shop, uniq_maurice,
          uniq_joseph
D:9:      layout_rooms
D:10:     layout_loops_ring, chequers_temple_overflow_minitemple,
          david_lair_shrubbed, gammafunk_ghost_nasty_kobolds, minmay_checkerbox
Temple:   sentei_temple_godly_chess
Lair:1:   layout_big_grid, portal_ice_cave_rime, serial_bayou_shore_a,
          grunt_megastairs_4
Lair:2:   layout_hall_layers, beast_lair_carwin_4
Lair:3:   layout_regular_city, minmay_shoals_entry_beasts,
          nicolae_spider_entry_lesser_pyramids

Skill      XL: |  1  2  3  4  5  6  7  8  9 10 11 12 |
---------------+-------------------------------------+-----
Throwing       | 2 3 4 |  4.0
Dodging        | 3 4 5 6 7 |  7.3
Shields        | 1 2 3 4 |  4.5
Unarmed Combat | 4 5 7 9 11 12 13 14 | 14.1
Fighting       | 2 3 4 |  4.2
Stealth        | 1 3 |  3.0
Ranged Weapons | 1 2 3 4 |  4.1
Shapeshifting  | 2 3 |  3.4
Evocations     | |  0.3

Action                     |  1- 3 |  4- 6 |  7- 9 | 10-12 || total
---------------------------+-------+-------+-------+-------++-------
  Melee: Unarmed           |   100 |   102 |   281 |   413 ||   896
         Punch             |       |     1 |       |       ||     1
   Fire: Sling             |       |     3 |    40 |    56 ||    99
  Throw: Dart              |       |     2 |       |    34 ||    36
 Invoke: Serpent's Lash    |       |       |    14 |    13 ||    27
         Heavenly Storm    |       |       |       |     1 ||     1
Ability: Lunge             |     7 |     5 |    20 |    41 ||    73
         Whirlwind         |     2 |     2 |    16 |    20 ||    40
         Wall Jump         |       |       |    10 |    12 ||    22
  Evoke: Wand              |       |       |       |     2 ||     2
    Use: Scroll            |     2 |       |    14 |     3 ||    19
         Potion            |     1 |     3 |     9 |     3 ||    16
   Stab: Sleeping          |     2 |       |     1 |    14 ||    17
         Petrified         |       |       |       |     1 ||     1
 Armour: Robe              |    16 |    40 |    78 |    88 ||   222
  Dodge: Dodged            |    52 |    88 |   156 |   271 ||   567
  Block: Other             |    21 |    35 |     2 |       ||    58
         Reflection        |     1 |     2 |     2 |     2 ||     7
         Orb               |       |       |    37 |    73 ||   110
         Form:             |       |       |       |     1 ||     1
         Blade             |       |       |       |     1 ||     1

Table legend: (Time is in decaauts)
 A = Elapsed time spent in this place.
 B = Non-inter-level travel time spent in this place.
 C = Inter-level travel time spent in this place.
 D = Time resting spent in this place.
 E = Time spent auto-exploring this place.
 F = Levels seen in this place.
 G = Mean time per level.
                   A        B        C        D        E       F      G
               +--------+--------+--------+--------+--------+-----+--------+
         Total |   9017 |   8759 |    258 |    265 |   6011 |  16 |  563.6 |
       Dungeon |   6889 |   6680 |    209 |    201 |   4659 |  10 |  688.9 |
        Temple |      3 |      3 |      0 |      0 |      0 |   1 |    3.0 |
          Lair |   1677 |   1628 |     49 |     64 |   1137 |   3 |  559.0 |
       Ossuary |    192 |    192 |      0 |      0 |     51 |   1 |  192.0 |
        Bailey |    253 |    253 |      0 |      0 |    164 |   1 |  253.0 |
               +--------+--------+--------+--------+--------+-----+--------+

Top non-repeatable levels by time:
     D:7: 1103 daAuts
     D:4: 787 daAuts
     D:5: 761 daAuts
  Lair:1: 740 daAuts
  Lair:2: 733 daAuts
    D:10: 667 daAuts
     D:8: 656 daAuts
     D:1: 645 daAuts
     D:2: 620 daAuts
     D:6: 593 daAuts
     D:3: 537 daAuts
     D:9: 517 daAuts
  Bailey: 253 daAuts
  Lair:3: 203 daAuts
 Ossuary: 192 daAuts
